 Dungeon Crawl Stone Soup version 0.27.1-2-g3b301248ec (webtiles) character file.

Game seed: 5369913603365850409

111293 ABBCCCDDDD the Fighter (level 16, -7/119 HPs)
             Began as an Octopode Necromancer on Sept 23, 2021.
             Was an Initiate of Gozag.
             Killed from afar by a deep elf zephyrmancer (30 damage)
             ... with a bolt of lightning
             ... on level 1 of the Elven Halls.
             The game lasted 01:36:47 (32818 turns).

ABBCCCDDDD the Fighter (Octopode Necromancer)      Turns: 32818, Time: 01:36:48

Health: -7/119     AC: 17    Str:  9    XL:     16   Next: 57%
Magic:  37/37      EV: 22    Int: 32    God:    Gozag
Gold:   2191       SH:  6    Dex: 17    Spells: 17/31 levels left

rFire    + . .     SeeInvis +   g - +3 morningstar (protect)
rCold    + + .     Faith    .   j - +1 buckler {AC+3}
rNeg     . . .     Spirit   .   J - +2 hat
rPois    +         Reflect  .   D - amulet of regeneration
rElec    .         Harm     .   Z - +4 ring of protection
rCorr    +         Rampage  .   p - +4 ring of evasion
Will     ++...                  L - ring of Sonkoec {rPois Int+6 Dex+4 Slay+2 SInv}
Stlth    ++++......             k - ring of willpower
HPRegen  1.29/turn              M - ring of protection from fire
MPRegen  0.25/turn              R - ring "Nyfew" {rC++ EV+4}
                                T - ring of resist corrosion
                                l - ring "Xigg" {MP+9 Int+4 SInv}

@: lethally poisoned (-7 -> -13), about to teleport, under a protective aura
A: almost no armour, amphibious, 8 rings, camouflage 1, gelatinous body 1,
(nimble swimmer 1), tentacles
a: Renounce Religion, Potion Petition, Call Merchant, Bribe Branch


You were on level 1 of the Elven Halls.
You worshipped Gozag.
Gozag was most pleased with you.
You visited 7 branches of the dungeon, and saw 26 of its levels.
You also visited: Ossuary.

You collected 8098 gold pieces.
You spent 2507 gold pieces at shops.
You paid 3400 gold pieces to Gozag.

Inventory:

Hand Weapons
 g - a +3 morningstar of protection (weapon)
 W - the +8 trident of Arbitration {freeze, Fly rC+ Int+4}
   (You found it on level 13 of the Dungeon)

   It freezes those it strikes, dealing additional cold damage.
   It can also slow down cold-blooded creatures.
   Int:       It affects your intelligence (+4).
   rC:        It protects you from cold.
   Fly:       It grants you flight.
Missiles
 o - 2 throwing nets
 C - 49 poisoned darts (quivered)
Armour
 j - a +1 buckler of protection (worn)
 J - a +2 hat (worn)
Jewellery
 c - a ring of protection from cold
 k - a ring of willpower (on tentacle)
 l - the ring "Xigg" (on tentacle) {MP+9 Int+4 SInv}
   (You acquired it on level 2 of the Lair of Beasts)

   [ring of see invisible]

   Int:       It affects your intelligence (+4).
   MP:        It affects your magic capacity (+9).
   SInv:      It lets you see invisible.
 p - a +4 ring of evasion (right tentacle)
 u - a ring of fire
 v - an amulet of reflection
 D - an amulet of regeneration (around mantle)
 L - the ring of Sonkoec (on tentacle) {rPois Int+6 Dex+4 Slay+2 SInv}
   (You bought it in a shop on level 2 of the Orcish Mines)

   [ring of see invisible]

   Int:       It affects your intelligence (+6).
   Dex:       It affects your dexterity (+4).
   Slay:      It affects your accuracy & damage with ranged weapons and melee
   (+2).
   rPois:     It protects you from poison.
   SInv:      It lets you see invisible.
 M - a ring of protection from fire (on tentacle)
 R - the ring "Nyfew" (on tentacle) {rC++ EV+4}
   (You bought it in a shop on level 9 of the Dungeon)

   [ring of evasion]

   EV:        It affects your evasion (+4).
   rC:        It greatly protects you from cold.
 T - a ring of resist corrosion (on tentacle)
 X - a ring of positive energy
 Y - a ring of flight
 Z - a +4 ring of protection (left tentacle)
Wands
 b - a wand of acid (5)
 n - a wand of charming (2)
 x - a wand of flame (37)
 I - a wand of paralysis (12)
 K - a wand of mindburst (7)
 N - a wand of polymorph (15)
Scrolls
 a - 5 scrolls of teleportation
 r - 4 scrolls of immolation
 s - 3 scrolls of fear
 t - 2 scrolls of fog
 w - 3 scrolls of holy word
 y - a scroll of silence
 A - 2 scrolls of magic mapping
 E - 3 scrolls of vulnerability
 F - a scroll of enchant armour
 G - a scroll of brand weapon
 P - 2 scrolls of blinking
 U - 2 scrolls of torment
Potions
 d - 3 potions of brilliance
 e - 12 potions of ambrosia
 f - 3 potions of magic
 h - 5 potions of attraction
 i - 9 potions of curing
 m - 3 potions of heal wounds
 q - a potion of cancellation
 z - 2 potions of invisibility
 B - 5 potions of flight
 H - 8 potions of might
 Q - a potion of haste
 S - 2 potions of mutation {unknown}
 V - 3 potions of lignification
Miscellaneous
 O - a condenser vane


   Skills:
 - Level 14.0 Fighting
 + Level 12.3 Maces & Flails
 - Level 4.0 Throwing
 - Level 3.8 Dodging
 - Level 6.0 Stealth
 - Level 4.0 Shields
 - Level 3.3 Unarmed Combat
 - Level 8.0 Spellcasting
 - Level 8.0 Conjurations
 - Level 4.0 Necromancy
 - Level 8.0 Fire Magic
 - Level 5.0 Air Magic
 - Level 8.0 Earth Magic
 - Level 8.0 Poison Magic
 - Level 12.0 Evocations


You had 17 spell levels left.
You knew the following spells:

 Your Spells              Type           Power      Damage    Failure   Level
a - Pain                  Necr           100%       1d9       1%          1
b - Mephitic Cloud        Conj/Pois/Air  55%        N/A       1%          3
c - Swiftness             Air            44%        N/A       1%          3
d - Bolt of Magma         Conj/Fire/Erth 29%        4d13      3%          5
e - Passwall              Tmut/Erth      31%        N/A       1%          2

Your spell library contained the following spells:

 Spells                   Type           Power      Damage    Failure   Level
 Animate Skeleton         Necr           76%        N/A       1%          1
 Sublimation of Blood     Necr           19%        N/A       1%          2
 Ignite Poison            Fire/Tmut/Pois 46%        N/A       1%          3
 Vampiric Draining        Necr           19%        2d8       2%          3
 Fireball                 Conj/Fire      29%        3d13      3%          5
 Wereblood                Tmut           12%        N/A       5%          2
 Animate Dead             Necr           19%        N/A       7%          4
 Gell's Gravitas          Tloc           6%         N/A       11%         3
 Lesser Beckoning         Tloc           6%         N/A       11%         3
 Portal Projectile        Hex/Tloc       24%        N/A       11%         3
 Teleport Other           Tloc           12%        N/A       11%         3
 Summon Lightning Spire   Summ/Air       28%        N/A       13%         4
 Agony                    Necr           38%        N/A       21%         5
 Excruciating Wounds      Necr           19%        N/A       21%         5
 Starburst                Conj/Fire      29%        6d9       22%         6
 Blade Hands              Tmut           6%         N/A       71%         5
 Summon Forest            Summ/Tloc      6%         N/A       71%         5
 Summon Mana Viper        Hex/Summ       12%        N/A       71%         5
 Invisibility             Hex            6%         N/A       99%         6
 Shadow Creatures         Summ           N/A        N/A       99%         6
 Malign Gateway           Summ/Tloc      6%         N/A       100%        7
 Storm Form               Tmut/Air       14%        N/A       100%        7
 Summon Hydra             Summ           6%         N/A       100%        7
 Ignition                 Fire           29%        3d9       100%        8
 Maxwell's Capacitive Co  Air            22%        ∞         100%        8
 Summon Horrible Things   Summ           6%         N/A       100%        8


Dungeon Overview and Level Annotations

Branches:
Dungeon (14/15)            Temple (1/1) D:5            Lair (6/6) D:11
  Swamp (1/4) Lair:3       Spider (1/4) Lair:4        Slime (0/5) Lair:5
    Orc (2/2) D:9             Elf (1/3) Orc:2        Vaults (0/5) D:13
Ossuary (visited)

Altars:
Dithmenos
Elyvilon
Fedhas
Gozag
Okawaru
Ru
Sif Muna
Uskayaw
Vehumet
Wu Jian
Xom
Yredelemnul
The Shining One
Jiyva

Shops:
D:1 (   D:9 (=   D:12 *   Orc:1 ?   Orc:2 **=*   Lair:1 =   Lair:6 :

Annotations:
D:11 exclusion: downstairs
D:14 Frances; Roxanne; Rupert
Lair:5 2 transporters, 2 runed translucent doors, Thalamas's ghost, journeyman MiBe
Orc:1 exclusion: downstairs


Innate Abilities, Weirdness & Mutations

You cannot wear most types of armour.
You are amphibious.
You can wear up to eight rings at the same time.
Your skin changes colour to match your surroundings (Stealth+).
Your rubbery body absorbs attacks. (AC +1, EV +1)
((You are camouflaged near water. (Stealth+)))
You have tentacles for arms and can constrict up to eight enemies at once.


Message History

The +2 trident of venom hits you from afar!
The +2 trident of venom hits you.
You are poisoned.
The +2 trident of venom hits you!
* * * LOW HITPOINT WARNING * * *
You feel better. The +2 trident of venom hits you!
* * * LOW HITPOINT WARNING * * *
You barely miss the +2 trident of venom.
You grab the +2 trident of venom.
The +2 trident of venom is lightly damaged.
You constrict the +2 trident of venom, but do no damage.
The +2 trident of venom hits you!
* * * LOW HITPOINT WARNING * * *
You block the +2 trident of venom's attack.
You feel better.
You constrict the +2 trident of venom, but do no damage.
You block the +2 trident of venom's attack.
The +2 trident of venom hits you.
* * * LOW HITPOINT WARNING * * *
As you read the scroll of teleportation, it crumbles to dust.
You feel strangely unstable.
You constrict the +2 trident of venom. The +2 trident of venom hits you.
* * * LOW HITPOINT WARNING * * *
You sock the +2 trident of venom!
Your weapon exudes an aura of protection.
The +2 trident of venom is severely damaged.
You constrict the +2 trident of venom, but do no damage.
You block the +2 trident of venom's attack.
The +2 trident of venom completely misses you.
You hit the +2 trident of venom but do no damage.
The +2 trident of venom is heavily damaged.
You constrict the +2 trident of venom. The +2 trident of venom hits you.
* * * LOW HITPOINT WARNING * * *
You are poisoned.
The deep elf zephyrmancer points at you and mumbles some strange words.
The bolt of lightning hits the +2 trident of venom.
The +2 trident of venom completely resists.
The bolt of lightning hits you!!
You die...
Your body crumbles into a pile of gold.

......## #.####.......##
....)## #.# #.)..)..#
......# #.# #.......#
#####.### #.# #.......#
##.....## #.# #.......#
#.......# #.# #.......#
#..#####..# #.# #.......#
#.## .##.## #.####[......#
.. ....###e(@.'.......#
..#.....#..##.e####.......#
.##.⌠.⌠.##..#..# #.......#
.#.......#..#..# #.......#
(#...>.e.#.....# #.......#
#.......#..#..# #....(..#
#.⌠.⌠.##e.#..# #.......#
e.#.....#e.##..# #.......#
...e..$.$$.##..# #.......#


You could see a deep elf archer (repels missiles), a deep elf zephyrmancer and a
+2 trident of venom.

Levels and vault maps discovered:
D:1:      dpeg_arrival_round_a, layout_rooms,
          shapermc_ecumenical_altar_mp_urbaneastern, serial_shops, shop
D:2:      layout_loops_ring
D:3:      layout_loops_corners, uniq_jessica
D:4:      layout_cave_pods, amcnicky_altar_gilded, uniq_sigmund, uniq_eustachio
D:5:      layout_loops_ring, minmay_temple_entry_mist, kennysheep_dice,
          uniq_edmund
D:6:      layout_basic, chequers_temple_overflow_minitemple, uniq_blork_the_orc
D:7:      layout_layer_cave, nicolae_ossuary_entry_plus
D:8:      layout_basic, kennysheep_mini_moat, mainiacjoe_overflow_swirl
D:9:      layout_gridville, zombieorc2_lemuel, uniq_grum
D:10:     layout_rooms, nicolae_dithmenos_through_a_glass_darkly, minivault_27
D:11:     layout_rooms, erik_lair_orcish_takeover, tso_altar, uniq_fannar,
          uniq_josephine
D:12:     layout_irregular_city, serial_shops, nicolae_shop_statue_plus,
          minmay_fractal_squares_5, uniq_erolcha
D:13:     layout_basic, david_vaults_5, gauntlet_entry_generic, special_room
          [special_room_bee], uniq_maurice, uniq_snorg
D:14:     minmay_two_paths, layout_loops_ring, hangedman_abyss_or_decor_stagger,
          nicolae_ru_sacrificial_ziggurat, uniq_agnes, uniq_roxanne,
          uniq_rupert, uniq_kirke, uniq_frances, uniq_louise
Temple:   jpeg_temple_clearing
Lair:1:   layout_regular_city, nicolae_quartered_pool_little
Lair:2:   layout_misc_corridors
Lair:3:   cheibrodos_lair_overgrown_chateau, layout_cave_shapes,
          minmay_swamp_entry_reptiles
Lair:4:   layout_cave_pods, dummy_spider_entry
Lair:5:   gammafunk_worm_tunnel, layout_layer_cave, slime_altar_2,
          ebering_ghost_funeral_grove, serial_bayou, serial_bayou_pond_e,
          serial_bayou_shore_b, serial_bayou_crossing, serial_bayou_lagoon_a,
          serial_bayou_ford_a, lemuel_fruit_fields
Lair:6:   minmay_lair_end_enchanted_forest, layout_long_grid,
          serial_bayou_pond_b, st_stairs_7, lemuel_fruit_tree
Swamp:1:  layout_falls_marsh, evilmike_swamp_ruin_house_4
Spider:1: layout_spider_delve, nicolae_crawler_farm, uniq_jorgrun, uniq_asterion
Orc:1:    layout_caves, serial_shops, nicolae_shop_waterfront, uniq_gastronok
Orc:2:    st_orc_mages, layout_caves
Elf:1:    eino_elf_arrival_sip, layout_gridlike,
          hangedman_elven_crosses_minicolossus, drop_trap,
          nicolae_elf_big_sculpture_1, st_stairs_12, grunt_megastairs_2,
          lemuel_upstairs_altar

Notes
Turn   | Place    | Note
-------+----------+-------------------------------------------
     0 | D:1      | ABBCCCDDDD the Octopode Necromancer began the quest for the
                  | Orb.
     0 | D:1      | Reached XP level 1. HP: 11/11 MP: 3/3
   312 | D:1      | Found a faded altar of an unknown god.
   547 | D:1      | Reached skill level 1 in Fighting
   547 | D:1      | Reached XP level 2. HP: 13/18 MP: 1/5
   715 | D:1      | Found Mocaq's Weapon Emporium.
  1461 | D:2      | Reached XP level 3. HP: 19/23 MP: 2/6
  1740 | D:2      | Reached skill level 1 in Unarmed Combat
  2196 | D:3      | Reached skill level 2 in Fighting
  2476 | D:2      | Reached XP level 4. HP: 25/29 MP: 2/7
  2657 | D:3      | Noticed Jessica
  2660 | D:3      | Killed Jessica
  2939 | D:3      | Reached XP level 5. HP: 33/35 MP: 5/8
  3592 | D:4      | Noticed Sigmund
  3701 | D:4      | Noticed Eustachio
  3957 | D:4      | Reached skill level 5 in Stealth
  4242 | D:4      | Found a sacrificial altar of Ru.
  4486 | D:5      | Entered Level 5 of the Dungeon
  4506 | D:5      | Found a staircase to the Ecumenical Temple.
  4516 | Temple   | Entered the Ecumenical Temple
  4535 | Temple   | Became a worshipper of Gozag Ym Sagoz the Greedy
  4689 | D:5      | Noticed a sky beast
  4846 | D:5      | Reached skill level 3 in Fighting
  4886 | D:5      | Reached XP level 6. HP: 34/42 MP: 3/9
  5126 | D:5      | Noticed Edmund
  5337 | D:5      | Killed a sky beast
  5338 | D:5      | Reached skill level 4 in Fighting
  5338 | D:5      | Reached XP level 7. HP: 20/49 MP: 10/10
  5579 | D:5      | Reached skill level 5 in Fighting
  5807 | D:5      | Reached skill level 6 in Fighting
  6688 | D:5      | Killed Edmund
  6689 | D:5      | Reached skill level 7 in Fighting
  6689 | D:5      | Reached XP level 8. HP: 56/60 MP: 11/11
  7044 | D:5      | Reached skill level 8 in Fighting
  7180 | D:6      | Reached skill level 1 in Maces & Flails
  7180 | D:6      | Reached skill level 1 in Evocations
  7496 | D:6      | Noticed Blork the orc
  7505 | D:6      | Killed Blork the orc
  7792 | D:6      | Found a faded altar of an unknown god.
  7792 | D:6      | Found a hide-covered altar of Uskayaw.
  7821 | D:6      | Found a faded altar of an unknown god.
  7823 | D:6      | Found a white marble altar of Elyvilon.
  7825 | D:6      | Found a radiant altar of Vehumet.
  7934 | D:6      | Reached XP level 9. HP: 59/66 MP: 12/12
  8311 | D:7      | Found a sand-covered staircase.
  8317 | Ossuary  | Entered an ossuary
  8454 | Ossuary  | Reached skill level 1 in Throwing
  8532 | Ossuary  | Reached skill level 5 in Evocations
  8555 | Ossuary  | Reached skill level 5 in Maces & Flails
 10217 | D:8      | Found an iron altar of Okawaru.
 10303 | D:8      | Found a basalt altar of Yredelemnul.
 10416 | D:8      | Found a blossoming altar of Fedhas.
 10591 | D:9      | Found a staircase to the Orcish Mines.
 10607 | D:9      | Reached XP level 10. HP: 64/72 MP: 13/13
 11103 | D:9      | Noticed Grum
 11170 | D:9      | Killed Grum
 11586 | D:10     | Entered Level 10 of the Dungeon
 11727 | D:10     | Noticed a two-headed ogre
 11746 | D:10     | Killed a two-headed ogre
 12202 | D:10     | Found a shadowy altar of Dithmenos.
 12243 | D:11     | Reached skill level 9 in Fighting
 12554 | D:4      | Killed Sigmund
 12658 | D:4      | Killed Eustachio
 13165 | Orc:1    | Entered Level 1 of the Orcish Mines
 13173 | Orc:1    | Reached XP level 11. HP: 68/80 MP: 14/14
 13320 | Orc:1    | Found Hurr's Magic Scroll Shop.
 13371 | Orc:1    | Bought a scroll of identify for 26 gold pieces
 13371 | Orc:1    | Bought a scroll of identify for 26 gold pieces
 13371 | Orc:1    | Bought a scroll of identify for 26 gold pieces
 13371 | Orc:1    | Bought a scroll of blinking for 97 gold pieces
 13371 | Orc:1    | Bought a scroll of teleportation for 39 gold pieces
 13642 | Orc:2    | Entered Level 2 of the Orcish Mines
 13642 | Orc:2    | Found a staircase to the Elven Halls.
 13774 | Orc:1    | Reached skill level 10 in Fighting
 13786 | Orc:2    | Noticed an orc sorcerer
 13789 | Orc:2    | Noticed an orc high priest
 13792 | Orc:2    | Noticed a sun demon
 14010 | Orc:2    | Noticed an orc high priest
 14294 | D:11     | Noticed Josephine
 14357 | D:11     | Reached skill level 11 in Fighting
 14499 | D:11     | Learned a level 3 spell: Mephitic Cloud
 14503 | D:11     | Learned a level 3 spell: Swiftness
 14574 | D:11     | Reached skill level 1 in Poison Magic
 14659 | D:11     | Reached skill level 1 in Conjurations
 14659 | D:11     | Reached skill level 1 in Air Magic
 14689 | D:11     | Noticed Fannar
 14788 | D:12     | Found Banuss's General Store.
 14809 | D:12     | Noticed a boulder beetle
 14861 | D:12     | Noticed a two-headed ogre
 14906 | D:12     | Killed a two-headed ogre
 15008 | D:12     | Noticed an eight-headed hydra
 15036 | D:12     | Noticed a boulder beetle
 15283 | D:12     | Bought a potion of haste for 120 gold pieces
 15480 | D:9      | Bought the ring "Nyfew" {rC++ EV+4} for 786 gold pieces
 15668 | D:11     | Found a staircase to the Lair.
 15677 | Lair:1   | Entered Level 1 of the Lair of Beasts
 16182 | Lair:1   | Noticed a catoblepas
 16189 | Lair:1   | Killed a catoblepas
 16190 | Lair:1   | Reached XP level 12. HP: 90/90 MP: 17/17
 16283 | Lair:1   | Noticed a four-headed hydra
 16290 | Lair:1   | Killed a four-headed hydra
 16323 | Lair:1   | Noticed a four-headed hydra
 16331 | Lair:1   | Killed a four-headed hydra
 16748 | Lair:2   | Noticed a seven-headed hydra
 16757 | Lair:2   | Killed a seven-headed hydra
 16758 | Lair:2   | Reached skill level 5 in Poison Magic
 16974 | Lair:2   | Identified a scroll of acquirement
 16976 | Lair:2   | Acquired the ring "Xigg" {MP+9 Int+4 SInv}
 17466 | Lair:2   | Identified the +12 spear of Disembowelment {freeze, Fly
                  | rPois rC+}
 17492 | Lair:3   | Found a staircase to the Swamp.
 17622 | Lair:3   | Reached skill level 5 in Conjurations
 17622 | Lair:3   | Reached skill level 5 in Air Magic
 17623 | Lair:3   | Reached skill level 10 in Maces & Flails
 17657 | Lair:3   | Noticed a catoblepas
 17774 | Lair:3   | Killed a catoblepas
 17784 | Lair:3   | Reached XP level 13. HP: 95/95 MP: 19/19
 18138 | Lair:3   | Reached skill level 5 in Spellcasting
 18503 | Lair:4   | Found a hole to the Spider Nest.
 18849 | Lair:4   | Reached skill level 12 in Fighting
 19389 | Lair:5   | Found a transporter.
 19435 | Lair:5   | Found a runed translucent door.
 19435 | Lair:5   | Found a viscous altar of Jiyva.
 19455 | Lair:5   | Found a staircase to the Slime Pits.
 19515 | Lair:5   | Reached skill level 10 in Evocations
 19950 | Lair:5   | Found a transporter.
 19961 | Lair:5   | Found a runed translucent door.
 20007 | Lair:5   | Noticed Thalamas's ghost (journeyman MiBe)
 20007 | Lair:5   | Identified the +9 trident of Oruich {antimagic, *Noise
                  | rElec rF- Str+9}
 20455 | Lair:6   | Entered Level 6 of the Lair of Beasts
 20826 | Lair:6   | Reached skill level 13 in Fighting
 21186 | Lair:6   | Reached XP level 14. HP: 96/107 MP: 23/23
 21204 | Lair:6   | Learned a level 5 spell: Bolt of Magma
 21263 | Lair:6   | Reached skill level 1 in Fire Magic
 21263 | Lair:6   | Reached skill level 1 in Earth Magic
 22150 | D:11     | Killed Fannar
 22153 | D:11     | Killed Josephine
 22154 | D:11     | Reached skill level 14 in Fighting
 22293 | D:11     | Found a glowing golden altar of the Shining One.
 23861 | Orc:2    | Found Syfo's Assorted Antiques.
 23861 | Orc:2    | Found Gefawin's Jewellery Emporium.
 23862 | Orc:2    | Found Fivimane's Assorted Antiques.
 23866 | Orc:2    | Found Vemeisau's General Store.
 23871 | Orc:2    | Bought a grey potion for 29 gold pieces
 23871 | Orc:2    | Bought a smoking bone ring for 165 gold pieces
 23871 | Orc:2    | Identified the ring of Sonkoec {rPois Int+6 Dex+4 Slay+2
                  | SInv} (You bought it in a shop on level 2 of the Orcish
                  | Mines)
 23875 | Orc:2    | Bought a scroll of fog for 30 gold pieces
 23875 | Orc:2    | Bought a scroll of blinking for 112 gold pieces
 23879 | Orc:2    | Bought a +4 ring of protection for 540 gold pieces
 23967 | Orc:2    | Noticed an orc warlord
 24019 | Orc:2    | Killed an orc warlord
 24687 | D:12     | Reached skill level 5 in Fire Magic
 24772 | D:12     | Reached skill level 5 in Earth Magic
 24937 | D:12     | Identified the +3 ring mail of Floral Wonder {rC+++ Will-
                  | Str-4 Int+5}
 25029 | D:12     | Noticed Erolcha
 25035 | D:12     | Killed Erolcha
 25838 | D:13     | Noticed Maurice
 25850 | D:13     | Killed Maurice
 25983 | D:13     | Reached XP level 15. HP: 73/113 MP: 17/24
 26189 | D:13     | Found a gate to the Vaults.
 26333 | D:13     | Identified the +8 trident of Arbitration {freeze, Fly rC+
                  | Int+4}
 26348 | D:13     | Noticed Snorg
 26364 | D:13     | Killed Snorg
 27030 | D:14     | Noticed Roxanne
 27069 | D:14     | Found a sacrificial altar of Ru.
 27126 | D:14     | Noticed Rupert
 27260 | D:14     | Noticed Agnes
 27273 | D:14     | Killed Agnes
 27474 | D:14     | Noticed Frances
 27689 | Orc:2    | Bought an emerald potion for 29 gold pieces
 27689 | Orc:2    | Bought a cabochon ring for 165 gold pieces
 27747 | Orc:1    | Bought a scroll of identify for 26 gold pieces
 27747 | Orc:1    | Bought a scroll of blinking for 97 gold pieces
 27747 | Orc:1    | Bought a scroll of enchant weapon for 97 gold pieces
 27747 | Orc:1    | Bought a scroll of enchant weapon for 97 gold pieces
 27854 | Orc:1    | Noticed Gastronok
 28043 | Orc:2    | Killed Gastronok
 29033 | Lair:6   | Reached skill level 1 in Shields
 29409 | Lair:6   | Identified the +0 chain mail "Neute" {Rampage rC++ Str+3}
 29722 | Spider:1 | Entered Level 1 of the Spider Nest
 29979 | Swamp:1  | Entered Level 1 of the Swamp
 31471 | Elf:1    | Entered Level 1 of the Elven Halls
 31478 | Elf:1    | Reached XP level 16. HP: 119/119 MP: 5/26
 32147 | Elf:1    | HP: 4/119 [+4 broad axe of freezing (2)]
 32318 | Elf:1    | Learned a level 2 spell: Passwall
 32818 | Elf:1    | Killed from afar by a deep elf zephyrmancer

Table legend: (Time is in decaauts)
 A = Elapsed time spent in this place.
 B = Non-inter-level travel time spent in this place.
 C = Inter-level travel time spent in this place.
 D = Time resting spent in this place.
 E = Time spent auto-exploring this place.
 F = Levels seen in this place.
 G = Mean time per level.
                   A        B        C        D        E       F      G
               +--------+--------+--------+--------+--------+-----+--------+
         Total |  32667 |  29600 |   3067 |   7895 |  12656 |  27 | 1209.9 |
       Dungeon |  18134 |  16208 |   1926 |   3875 |   7464 |  14 | 1295.3 |
        Temple |     35 |     20 |     15 |      0 |     13 |   1 |   35.0 |
          Lair |   8936 |   8158 |    778 |   1963 |   3898 |   6 | 1489.3 |
         Swamp |    193 |    193 |      0 |      0 |     87 |   1 |  193.0 |
   Spider Nest |     14 |     14 |      0 |      0 |      0 |   1 |   14.0 |
  Orcish Mines |   3633 |   3288 |    345 |   1595 |    822 |   2 | 1816.5 |
   Elven Halls |   1332 |   1332 |      0 |    462 |    201 |   1 | 1332.0 |
       Ossuary |    387 |    387 |      0 |      0 |    171 |   1 |  387.0 |
               +--------+--------+--------+--------+--------+-----+--------+

Top non-repeatable levels by time:
     D:5: 2412 daAuts
  Lair:6: 2156 daAuts
   Orc:1: 2134 daAuts
  Lair:3: 1995 daAuts
     D:9: 1964 daAuts
    D:13: 1782 daAuts
  Lair:5: 1727 daAuts
     D:1: 1539 daAuts
   Orc:2: 1499 daAuts
     D:4: 1380 daAuts
    D:12: 1369 daAuts
   Elf:1: 1332 daAuts
     D:7: 1223 daAuts
     D:3: 1203 daAuts
  Lair:4: 1141 daAuts

Table legend:
 A = Kills in this place as a percentage of kills in entire the game.
 B = Kills by you in this place as a percentage of kills by you in the entire game.
 C = Kills by friends in this place as a percentage of kills by friends in the entire game.
 D = Other kills in this place as a percentage of other kills in the entire game.
 E = Experience gained in this place as a percentage of experience gained in the entire game.
 F = Experience gained in this place divided by the number of levels of this place that you have seen.
                   A       B       C       D       E      F
               +-------+-------+-------+-------+-------+----------------------
         Total | 100.0 | 100.0 | 100.0 | 100.0 | 100.0 | 5888.6
       Dungeon |  44.0 |  45.1 |  42.9 |   0.0 |  28.6 | 3253.1
          Lair |  28.6 |  28.7 |  28.6 |  23.5 |  40.5 | 10723.7
         Swamp |   0.8 |   0.6 |  14.3 |   5.9 |   1.1 | 1732.0
   Spider Nest |   0.4 |   0.4 |   0.0 |   0.0 |   0.4 | 661.0
  Orcish Mines |  14.6 |  14.5 |  14.3 |  17.6 |   8.6 | 6843.0
   Elven Halls |   6.3 |   5.2 |   0.0 |  52.9 |  20.4 | 32407.0
       Ossuary |   5.3 |   5.5 |   0.0 |   0.0 |   0.4 | 620.0
               +-------+-------+-------+-------+-------+----------------------

Action                   |  1- 3 |  4- 6 |  7- 9 | 10-12 | 13-15 | 16-18 || total
-------------------------+-------+-------+-------+-------+-------+-------++-------
Melee: Unarmed           |     3 |       |       |       |       |       ||     3
       Short sword       |    10 |       |       |       |       |       ||    10
       Tentacles         |     3 |    13 |    47 |    88 |   256 |    58 ||   465
       Constrict         |     3 |    11 |    46 |    62 |   163 |    42 ||   327
       Dagger            |       |    50 |    36 |       |       |       ||    86
       Punch             |       |       |     9 |     8 |    37 |     5 ||    59
       Dire flail        |       |       |   227 |   476 |   780 |       ||  1483
       Morningstar       |       |       |       |       |   390 |   205 ||   595
Throw: Dart              |       |       |    44 |    72 |    77 |     2 ||   195
 Cast: Pain              |    70 |    59 |     6 |       |       |       ||   135
       Bolt of Magma     |       |       |       |       |    44 |     4 ||    48
       Mephitic Cloud    |       |       |       |       |    16 |     1 ||    17
Invok: Call Merchant     |       |       |       |     2 |     2 |       ||     4
Evoke: Wand              |       |     3 |    16 |    39 |    35 |       ||    93
       Condenser vane    |       |       |       |     1 |     3 |       ||     4
  Use: Scroll            |       |     4 |     8 |    18 |    11 |     4 ||    45
       Potion            |       |     1 |     1 |       |     1 |     5 ||     8
 Stab: Sleeping          |     2 |     4 |    12 |    13 |     8 |     5 ||    44
       Distracted        |       |       |     3 |     2 |     8 |     3 ||    16
       Petrified         |       |       |       |     4 |       |       ||     4
       Confused          |       |       |       |       |    16 |     1 ||    17
       Paralysed         |       |       |       |       |     4 |       ||     4
Armor: Skin              |     1 |     2 |    32 |    81 |   202 |    35 ||   353
Dodge: Dodged            |    11 |    37 |   182 |   331 |  1043 |   112 ||  1716
Block: Buckler           |       |       |       |       |    62 |    42 ||   104

Vanquished Creatures
  Gastronok (Orc:2)
  A deep elf sorcerer (Elf:1)
  An orc warlord (Orc:2)
  Snorg (D:13)
  Josephine (D:11)
  A deep elf high priest (Elf:1)
  A vault guard (D:13)
  2 boulder beetles (D:12)
  Fannar (D:11)
  2 catoblepae
  Erolcha (D:12)
  10 hydras
  3 two-headed ogres
  5 centaur warriors
  4 death yaks (Lair:6)
  An alligator (Lair:3)
  A tengu warrior (D:13)
  4 orc high priests
  7 deep elf knights (Elf:1)
  A spriggan druid (Swamp:1)
  A goliath frog (Swamp:1)
  A swamp dragon (Lair:3)
  2 deep elf archers (Elf:1)
  2 ugly things (D:13)
  15 deep elf pyromancers
  12 deep elf zephyrmancers (Elf:1)
  A wolf spider (D:13)
  2 orc sorcerers (Orc:1)
  A cyclops (D:12)
  22 elephants
  A torpor snail (Lair:6)
  2 manticores (D:13)
  Maurice (D:13)
  19 cane toads
  11 black mambas
  A gargoyle (D:12)
  2 rime drakes
  2 kobold demonologists (D:13)
  2 unseen horrors (D:11)
  An efreet (D:13)
  10 komodo dragons
  6 trolls
  A queen bee (D:13)
  2 tyrant leeches (Lair:3)
  2 polar bears (Lair:6)
  Grum (D:9)
  14 blink frogs
  7 hornets
  3 meliai (D:13)
  3 dream sheep (Lair:6)
  Sigmund (D:4)
  15 spriggans (Lair:6)
  2 vampires (D:12)
  5 redbacks
  A tarantella (Lair:4)
  5 wraiths
  26 yaks
  10 basilisks
  2 shadows
  2 steam dragons
  Eustachio (D:4)
  3 vampire mosquitoes
  6 wargs
  Edmund (D:5)
  4 acid dragons
  2 swamp worms (Swamp:1)
  20 water moccasins
  A two-headed ogre zombie (D:9)
  23 orc warriors
  A sky beast (D:5)
  4 black bears
  2 necrophages
  6 ogres
  2 boggarts (Lair:6)
  23 wolves
  5 phantoms
  12 centaurs
  Blork the orc (D:6)
  3 kobold brigands (D:13)
  10 bullfrogs
  4 elf zombies (Ossuary)
  2 water moccasin zombies (D:5)
  A wyvern zombie (D:5)
  An earth elemental (Elf:1)
  3 gnoll sergeants
  24 killer bees
  2 electric eels (Lair:5)
  7 centaur zombies
  2 jellies
  A human zombie (Ossuary)
  A bullfrog skeleton (D:6)
  30 orc priests
  A centaur skeleton (D:5)
  2 hounds
  Jessica (D:3)
  28 orc wizards
  6 iguanas
  2 killer bee zombies
  7 ogre zombies (D:9)
  4 howler monkey zombies
  2 mummies (Ossuary)
  14 gnolls
  10 adders
  2 shadow imps
  A dart slug (D:5)
  49 orcs
  7 ball pythons
  8 endoplasms
  3 giant cockroaches
  6 goblins
  2 hobgoblins
  12 jackals
  4 quokkas
  4 bats
  2 frilled lizards (D:1)
  4 goblin zombies
  A hobgoblin skeleton (D:9)
  17 hobgoblin zombies
  4 kobolds
  11 kobold zombies (Ossuary)
  4 orc skeletons (D:9)
  15 orc zombies
  A quokka skeleton (D:4)
  A rat (D:1)
  2 rat zombies (Ossuary)
713 creatures vanquished.

Vanquished Creatures (collateral kills)
  Agnes (D:14)
  A bog body (Swamp:1)
  A tyrant leech (Lair:3)
  2 wolves
  A killer bee (D:9)
  An orc (Orc:2)
7 creatures vanquished.

Vanquished Creatures (others)
  8 dancing weapons (Elf:1)
  A komodo dragon (Lair:3)
  2 bloated husks (Swamp:1)
  2 yaks (D:10)
  A swamp worm (Swamp:1)
  An orc warrior (Orc:2)
  A boggart (Lair:6)
  A killer bee (D:9)
  2 orcs
  44 fungi
  78 plants
141 creatures vanquished.

Grand Total: 861 creatures vanquished
